 Dungeon Crawl Stone Soup version 0.28-a0-1038-g9c4cb8273d (webtiles) character file.

Game seed: 10779447158965829420

1991 bande the Chopper (level 9, 0/54 HPs)
             Began as a Gargoyle Fighter on Dec 8, 2021.
             Was a Believer of Okawaru.
             Slain by a warg (8 damage)
             ... on level 7 of the Dungeon.
             The game lasted 00:13:02 (9235 turns).

bande the Chopper (Gargoyle Fighter)                Turns: 9235, Time: 00:13:03

Health: 0/54       AC: 25    Str: 21    XL:     9   Next: 21%
Magic:  12/12      EV:  8    Int:  8    God:    Okawaru [**....]
Gold:   356        SH:  7    Dex: 13    Spells: 8/8 levels left

rFire   . . .      SeeInvis +   a - +0 war axe
rCold   . . .      Faith    .   j - +2 buckler
rNeg    + . .      Spirit   .   f - +0 chain mail
rPois   ∞          Reflect  .   k - +2 helmet
rElec   +          Harm     .   m - +1 cloak
rCorr   .          Rampage  .   q - +0 pair of gloves
Will    .....                   p - +1 pair of boots
Stlth   ..........              (no amulet)
HPRegen 0.18/turn               h - ring of see invisible
MPRegen 0.13/turn               (no ring)

@: no status effects
A: sickness immunity, AC +6, negative energy resistance 1, electricity
resistance, torment resistance 1, petrification resistance
a: Renounce Religion, Heroism


You were on level 7 of the Dungeon.
You worshipped Okawaru.
Okawaru was pleased with you.
You visited 2 branches of the dungeon, and saw 9 of its levels.

You collected 356 gold pieces.

Inventory:

Hand Weapons
 a - a +0 war axe (weapon)
 o - a +0 morningstar
 s - a +0 war axe
Armour
 f - a +0 chain mail (worn)
 j - a +2 buckler (worn)
 k - a +2 helmet (worn)
 m - a +1 cloak (worn)
 p - a +1 pair of boots (worn)
 q - a +0 pair of gloves (worn)
Jewellery
 h - a ring of see invisible (left hand)
Wands
 i - a wand of iceblast (28)
 l - a wand of flame (3)
Scrolls
 c - 3 scrolls of identify
 e - a scroll of blinking
 n - 5 scrolls of teleportation
Potions
 d - a potion of might
 g - a potion of haste


   Skills:
 + Level 5.4 Fighting
 + Level 6.8 Axes
 + Level 5.8 Armour
 - Level 0.1 Stealth
 + Level 5.0 Shields
 * Level 4.8 Invocations
 * Level 3.4 Evocations


You had 8 spell levels left.
You didn't know any spells.
Your spell library contained the following spells:

 Spells                   Type           Power      Damage    Failure   Level
 Apportation              Tloc           0%         N/A       98%         1
 Ensorcelled Hibernation  Hex/Ice        0%         N/A       99%         2
 Portal Projectile        Hex/Tloc       0%         N/A       100%        3
 Spider Form              Tmut/Pois      0%         N/A       100%        3
 Hailstorm                Conj/Ice       0%         3d3       100%        4
 Ice Form                 Ice/Tmut       0%         N/A       100%        4
 Leda's Liquefaction      Hex/Erth       0%         N/A       100%        4
 Animate Skeleton         Necr           Unusable   N/A       N/A         1
 Summon Small Mammal      Summ           Unusable   N/A       N/A         1
 Call Canine Familiar     Summ           Unusable   N/A       N/A         3
 Simulacrum               Ice/Necr       Unusable   N/A       N/A         6

Dungeon Overview and Level Annotations

Branches:
Dungeon (8/15)             Temple (1/1) D:5            Lair (0/6) D:8

Altars:
Ashenzari
Cheibriados
Dithmenos
Elyvilon
Fedhas
Gozag
Hepliaklqana
Kikubaaqudgha
Makhleb
Nemelex Xobeh
Okawaru
Qazlal
Ru
Sif Muna
Trog
Uskayaw
Vehumet
Wu Jian
Xom
Yredelemnul
The Shining One

Shops:
D:4 [   D:6 *

Annotations:
D:7 2 transporters, ytrimaz's ghost, novice OpTm


Innate Abilities, Weirdness & Mutations

You are immune to sickness and miasma.
Your stone body is resilient. (AC +6)
You are immune to poison.
You resist negative energy. (rN+)
You are resistant to electric shocks. (rElec)
You are resistant to unholy torment.
You are immune to petrification.


Message History

You hit the warg.
The warg is lightly wounded.
You hit the orc priest. The warg bites you but does no damage.
The orc priest invokes the aid of Beogh against you.
You struggle to resist.
The warg bites you but does no damage.
The orc priest invokes the aid of Beogh against you.
Beogh smites you!
The orc priest invokes the aid of Beogh against you.
Beogh smites you!
The orc priest hits you with a +0 dagger.
The warg stops to sniff the ground.
Your hearing returns.
You block the warg's attack.
The warg stops to sniff the ground.
You block the warg's attack.
The warg pauses to sniff the ground.
The warg bites you but does no damage.
The orc priest invokes the aid of Beogh against you.
Beogh smites you!
* * * LOW HITPOINT WARNING * * *
The warg barely misses you. The warg bites you but does no damage.
The warg bites you but does no damage. The warg bites you but does no damage.
The warg bites you.
* * * LOW HITPOINT WARNING * * *
The warg bites you!
* * * LOW HITPOINT WARNING * * *
You block the warg's attack. The warg bites you but does no damage.
The warg barely misses you.
There is a stone staircase leading up here.
The warg barely misses you.
You climb upwards.
Level annotation: 2 transporters, ytrimaz's ghost, novice OpTm
There is a stone staircase leading down here.
You miss the warg. The warg bites you but does no damage.
You block the warg's attack.
You closely miss the warg. The warg bites you!
You die...

##### #### #...#
#...
######...######...
###.........†.......
#.h@.....#########'#
#.##......# #.#
#.##......# #.#
#.##......## #.#
#.#######..# #.# #.#
##.## #.# #.# #..#
#.# #.# ##.## #.#
#.# #..# #.#


You could see a warg.

Vanquished Creatures
  A manticore (D:6)
  Grinder (D:3)
  A water moccasin (D:3)
  A black bear (D:7)
  An ogre (D:5)
  A centaur (D:7)
  A bullfrog (D:7)
  A scorpion (D:4)
  A wyvern skeleton (D:5)
  A water moccasin skeleton (D:5)
  3 howler monkeys
  A crimson imp (D:5)
  A centaur zombie (D:5)
  A bullfrog zombie (D:6)
  A hound (D:6)
  Crazy Yiuf (D:6)
  2 orc priests (D:3)
  A bullfrog skeleton (D:6)
  3 centaur skeletons
  A jelly (D:6)
  A gnoll shaman (D:5)
  2 iguanas
  An orc wizard (D:3)
  A killer bee zombie (D:6)
  5 gnolls
  7 adders
  2 white imps (D:5)
  An ufetubus (D:6)
  16 orcs
  7 ball pythons
  8 endoplasms
  2 giant cockroaches
  11 goblins
  3 hobgoblins
  10 jackals
  5 quokkas
  3 bats
  5 frilled lizards
  3 kobolds
  2 rats (D:1)
120 creatures vanquished.

Notes
Turn   | Place    | Note
-------+----------+-------------------------------------------
     0 | D:1      | bande the Gargoyle Fighter began the quest for the Orb.
     0 | D:1      | Reached XP level 1. HP: 14/14 MP: 1/1
   174 | D:1      | Reached skill level 2 in Axes
   174 | D:1      | Reached XP level 2. HP: 9/19 MP: 2/2
   683 | D:1      | Reached XP level 3. HP: 23/23 MP: 3/3
  1683 | D:2      | Reached XP level 4. HP: 26/29 MP: 4/4
  1958 | D:3      | Found an iron altar of Okawaru.
  1963 | D:3      | Found a broken altar of Ashenzari.
  1968 | D:3      | Became a worshipper of Warmaster Okawaru
  1977 | D:3      | Found a burning altar of Makhleb.
  1977 | D:3      | Found a stormy altar of Qazlal.
  1984 | D:3      | Found a sparkling altar of Nemelex Xobeh.
  2048 | D:3      | Reached skill level 3 in Axes
  2098 | D:3      | Noticed Grinder
  2113 | D:3      | Paralysed by Grinder for 2 turns
  2121 | D:3      | Killed Grinder
  2122 | D:3      | Reached skill level 4 in Axes
  2122 | D:3      | Reached skill level 1 in Invocations
  2122 | D:3      | Reached XP level 5. HP: 10/33 MP: 4/6
  2122 | D:3      | Reached XP level 6. HP: 12/38 MP: 4/7
  2509 | D:3      | Noticed a water moccasin
  2521 | D:3      | Killed a water moccasin
  2521 | D:3      | Reached * piety under Okawaru
  2588 | D:3      | Reached XP level 7. HP: 7/44 MP: 8/8
  2592 | D:3      | HP: 2/66 [orc priest/divine providence (10)]
  2608 | D:3      | Reached skill level 1 in Evocations
  3547 | D:4      | Found Xuthrueviq's Armour Shop.
  3647 | D:5      | Entered Level 5 of the Dungeon
  3678 | D:5      | Reached skill level 5 in Axes
  4045 | D:5      | Reached XP level 8. HP: 7/48 MP: 10/10
  4455 | D:5      | Found a staircase to the Ecumenical Temple.
  4467 | Temple   | Entered the Ecumenical Temple
  4877 | D:6      | Noticed a manticore
  6436 | D:6      | Killed a manticore
  6436 | D:6      | Reached ** piety under Okawaru
  6437 | D:6      | Reached skill level 5 in Fighting
  6437 | D:6      | Reached skill level 6 in Axes
  6437 | D:6      | Reached skill level 5 in Armour
  8131 | D:6      | Found Butunk's Gadget Gallery.
  8448 | D:6      | Found a runed translucent door.
  8449 | D:6      | Noticed Crazy Yiuf
  8457 | D:6      | Killed Crazy Yiuf
  8585 | D:7      | Noticed a wyvern
  8588 | D:7      | Found a transporter.
  8588 | D:7      | Noticed ytrimaz's ghost (novice OpTm)
  8643 | D:7      | Reached XP level 9. HP: 52/54 MP: 12/12
  8758 | D:7      | Found a transporter.
  8998 | D:7      | Reached skill level 5 in Shields
  9190 | D:8      | Found a staircase to the Lair.
  9235 | D:7      | Slain by a warg

Illustrated notes

Levels and vault maps discovered:
D:1:      shiori_arrival_oz, layout_basic
D:2:      layout_loops_ring, serial_glass, glass_columns_a, glass_columns_a,
          feat_on_display, due_unseen_surprise, minmay_strange_pillars
D:3:      layout_rooms, nicolae_overflow_hallway_of_the_gods, uniq_grinder
D:4:      layout_rooms, serial_shops, kennysheep_little_box, minmay_liquid_box,
          kennysheep_diamond
D:5:      layout_rooms, minmay_temple_entry_drinking_statues,
          minmay_fire_ice_demons
D:6:      layout_cave_pools, kennysheep_cross_bottleneck, nicolae_shop_gadgets,
          uniq_crazy_yiuf_cottage
D:7:      layout_basic, gammafunk_ghost_arena
D:8:      layout_basic, erik_lair_orcish_takeover, uniq_psyche, uniq_erica,
          uniq_grum
Temple:   compressed_dpeg_circular_temple

Skill      XL: |  1  2  3  4  5  6  7  8  9 |
---------------+----------------------------+-----
Axes           | 2 4 5 6 |  6.8
Fighting       | 4 5 |  5.4
Armour         | 4 5 |  5.8
Shields        | 4 5 |  5.0
Invocations    | 1 2 3 4 |  4.8
Evocations     | 1 3 |  3.4
Stealth        | |  0.1

Action                   |  1- 3 |  4- 6 |  7- 9 || total
-------------------------+-------+-------+-------++-------
Melee: War axe           |    70 |    90 |   281 ||   441
Evoke: Wand              |       |       |     1 ||     1
  Use: Scroll            |     1 |     2 |     6 ||     9
       Potion            |       |     2 |     6 ||     8
Armor: Scale mail        |    30 |    60 |   170 ||   260
       Skin              |       |       |    13 ||    13
       Chain mail        |       |       |    66 ||    66
Dodge: Dodged            |    42 |    29 |   191 ||   262
Block: Buckler           |    13 |    21 |   128 ||   162

Table legend: (Time is in decaauts)
 A = Elapsed time spent in this place.
 B = Non-inter-level travel time spent in this place.
 C = Inter-level travel time spent in this place.
 D = Time resting spent in this place.
 E = Time spent auto-exploring this place.
 F = Levels seen in this place.
 G = Mean time per level.
                   A        B        C        D        E       F      G
               +--------+--------+--------+--------+--------+-----+--------+
         Total |   9344 |   9281 |     63 |   4259 |   3542 |   9 | 1038.2 |
       Dungeon |   9230 |   9167 |     63 |   4259 |   3459 |   8 | 1153.8 |
        Temple |    113 |    113 |      0 |      0 |     83 |   1 |  113.0 |
               +--------+--------+--------+--------+--------+-----+--------+

Top non-repeatable levels by time:
     D:5: 3580 daAuts
     D:6: 1261 daAuts
     D:1: 1200 daAuts
     D:3: 1082 daAuts
     D:2: 787 daAuts
     D:4: 655 daAuts
     D:7: 563 daAuts
  Temple: 113 daAuts
     D:8: 100 daAuts
